AoeStats
← JustinMerendino

QS Arena

503397918Analyzed
4v4 RM · 1mo ago on Aug 31, 2026· 35m 40s· 8 players
Game mode
Random Map
Map size
Large (8 player)
Population
200
Speed
Normal
Resources
Standard
Victory
Conquest
Starting age
Dark Age
Ending age
Imperial Age
RankedLock teamsTeams togetherTeam positionsShared explorationLock speedFull tech treeHidden civsTurbo modeCheats
Victory
Defeat
🇭🇰 Vietnamese · Hong Kong SAR China
1230
+8
🇭🇰 Celts · Hong Kong SAR China
1164
+11
🇨🇳 Mongols · China
1011
+17
🇭🇰 Portuguese · Hong Kong SAR China
842
+24
🇨🇳 Persians · China
1067
-16
🇹🇼 Franks · Taiwan
1041
-44
🇦🇺 Britons · Australia
1036
-15
🇹🇼 Mongols · Taiwan
1026
-14
JustinMerendino
5:50 Loom
7:45 Feudal Age
12:55 Castle Age
11:29 Double-Bit Axe
11:25 Horse Collar
12:12 Fletching
13:52 Bow Saw
14:20 Heavy Plow
14:12 Gold Mining
21:55 Wheelbarrow
22:37 Bodkin Arrow
23:52 Padded Archer Armor
24:30 Hand Cart
24:01 Town Watch
26:05 Gold Shaft Mining
25:38 Caravan
25:55 Leather Archer Armor
26:32 Town Patrol
27:38 Elite Skirmisher
31:10 Imperial Age
28:08 Pikeman
28:33 Gambesons
28:49 Squires
28:51 Scale Mail Armor
29:01 Forging
30:10 Arson
29:47 Man-at-Arms
31:27 Chain Mail Armor
31:47 Iron Casting
30:37 Long Swordsman
32:35 Hoardings
32:35 Treadmill Crane
33:16 Ballistics
33:03 Siege Engineers
33:08 Masonry
33:10 Fortified Wall
鍾城堡影子
9:55 Feudal Age
12:03 Wheelbarrow
14:37 Castle Age
17:24 Scale Barding Armor
20:25 Husbandry
20:42 Gold Mining
22:36 Hand Cart
24:06 Forging
25:11 Double-Bit Axe
26:04 Iron Casting
25:49 Chain Barding Armor
30:30 Imperial Age
27:56 Loom
27:57 Town Watch
29:46 Gold Shaft Mining
29:53 Fletching
30:32 Ballistics
31:58 Plate Barding Armor
31:26 Scale Mail Armor
32:04 Plate Barding Armor
32:30 Blast Furnace
30:53 Pikeman
31:34 Squires
32:18 Halberdier
34:24 Chain Mail Armor
34:09 Bodkin Arrow
34:19 Cavalier
大橋東野
9:20 Feudal Age
8:18 Loom
14:58 Castle Age
15:27 Castle Age
13:29 Double-Bit Axe
13:35 Horse Collar
13:46 Gold Mining
14:01 Stone Mining
16:37 Bow Saw
23:28 Bloodlines
23:18 Husbandry
29:05 Imperial Age
28:12 Thumb Ring
28:53 Ballistics
29:21 Gold Shaft Mining
30:10 Conscription
31:11 Wheelbarrow
30:21 Town Watch
31:07 Parthian Tactics
31:46 Chemistry
31:34 Stone Shaft Mining
31:57 Conscription
31:38 Cavalier
32:53 Murder Holes
33:46 Scale Barding Armor
33:52 Forging
34:55 Scale Barding Armor
35:25 Iron Casting
546308830
2:39 Loom
8:50 Feudal Age
12:46 Castle Age
11:32 Double-Bit Axe
11:31 Horse Collar
15:04 Bow Saw
20:35 Heavy Plow
26:55 Imperial Age
24:36 Gold Mining
25:26 Scale Barding Armor
25:32 Forging
26:16 Wheelbarrow
26:45 Bloodlines
26:37 Husbandry
26:51 Heavy Camel Rider
28:23 Gold Shaft Mining
28:24 Crop Rotation
29:35 Chain Barding Armor
30:34 Iron Casting
30:49 Conscription
31:20 Hand Cart
31:43 Plate Barding Armor
32:15 Two-Man Saw
31:19 Town Watch
31:28 Fletching
31:40 Padded Archer Armor
33:23 Blast Furnace
33:05 Fletching
雨落
7:51 Feudal Age
12:48 Castle Age
11:14 Double-Bit Axe
11:30 Horse Collar
14:00 Bow Saw
14:27 Heavy Plow
21:38 Wheelbarrow
22:35 Hand Cart
23:04 Stone Mining
24:49 Stone Shaft Mining
24:05 Gold Mining
27:52 Imperial Age
25:25 Loom
25:26 Town Watch
25:45 Padded Archer Armor
25:38 Fletching
26:15 Ballistics
26:57 Leather Archer Armor
26:37 Bodkin Arrow
26:58 Thumb Ring
27:12 Masonry
27:50 Gold Shaft Mining
27:22 Husbandry
27:33 Bloodlines
28:10 Scale Barding Armor
28:15 Forging
29:26 Conscription
28:44 Elite Steppe Lancer
29:57 Parthian Tactics
30:59 Iron Casting
31:10 Bracer
31:31 Chain Barding Armor
32:43 Chemistry
31:50 Elite Mangudai
34:25 Town Patrol
建興法師
8:43 Feudal Age
12:29 Castle Age
10:19 Horse Collar
11:28 Double-Bit Axe
13:52 Bow Saw
14:30 Heavy Plow
24:30 Loom
28:15 Imperial Age
26:53 Bloodlines
26:44 Husbandry
26:50 Scale Barding Armor
27:37 Wheelbarrow
27:38 Chatras
28:42 Hand Cart
28:55 Chain Barding Armor
30:26 Plate Barding Armor
30:02 Forging
31:10 Iron Casting
31:16 Scale Mail Armor
30:40 Elite Fire Lancer
31:23 Squires
32:24 Chain Mail Armor
32:52 Fletching
33:34 Plate Mail Armor
35:52 Two-Man Saw
35:17 Ballistics
35:58 Chemistry
35:32 Crop Rotation
34:55 Gold Mining
砵蘭修女
12:07 Feudal Age
13:13 Double-Bit Axe
13:11 Horse Collar
16:20 Castle Age
14:45 Gold Mining
17:02 Wheelbarrow
18:45 Bow Saw
18:39 Heavy Plow
23:10 Imperial Age
20:43 Stone Mining
21:58 Stone Shaft Mining
21:29 Treadmill Crane
26:13 Chemistry
28:31 Ballistics
29:16 Two-Man Saw
29:09 Pikeman
29:34 Arson
30:12 Halberdier
32:16 Arquebus
32:36 Conscription
34:02 Scale Mail Armor
34:03 Padded Archer Armor
34:14 Forging
33:55 Fletching
35:34 Bombard Tower
伐伐伐伐伐木工
8:24 Feudal Age
12:02 Castle Age
10:43 Double-Bit Axe
11:03 Horse Collar
13:03 Bow Saw
19:20 Wheelbarrow
21:44 Loom
25:41 Imperial Age
22:54 Treadmill Crane
23:52 Hand Cart
23:52 Stone Mining
23:53 Gold Mining
23:52 Arson
23:55 Gambesons
24:20 Heavy Plow
24:59 Scale Mail Armor
25:10 Forging
26:06 Stone Shaft Mining
26:16 Gold Shaft Mining
26:03 Chain Mail Armor
25:58 Town Watch
27:14 Ballistics
27:28 Plate Mail Armor
27:35 Iron Casting
27:39 Conscription
28:02 Elite Woad Raider
29:30 Masonry
29:13 Fletching
30:27 Blast Furnace
31:23 Chemistry
30:21 Bodkin Arrow
33:29 Hoardings
33:02 Capped Ram
33:40 Siege Ram
35:31 Coinage
35:20 Siege Engineers
Connection lost

Rejoining the realm…

Still unreachable

The connection could not be restored.

Session expired

The server has moved on; the page needs a fresh start.